 Dungeon Crawl Stone Soup version 0.20-a0-760-g49f5558 (webtiles) character file.

73 polly the Ducker (level 4, 0/34 HPs)
             Began as a Demonspawn Gladiator on Feb 25, 2017.
             Slain by a worm (3 damage)
             ... on level 2 of the Dungeon.
             The game lasted 00:01:39 (1350 turns).

polly the Ducker (Demonspawn Gladiator)             Turns: 1350, Time: 00:01:40

Health: 0/34       AC:  4    Str: 16    XL:     4   Next: 8%
Magic:  4/4        EV: 13    Int:  9    God:
Gold:   80         SH:  0    Dex: 14    Spells: 3/3 levels left

rFire    . . .     SeeInvis .   e - +4 whip
rCold    + . .     Gourm    .   b - +0 leather armour
rNeg     . . .     Faith    .   (no shield)
rPois    .         Spirit   .   c - +0 helmet
rElec    .         Reflect  .   (no cloak)
rCorr    .         Harm     .   (no gloves)
MR       .....                  (no boots)
Stlth    +.........             (no amulet)
Regen    0.2/turn               (no ring)
MPRegen  0.1/turn               (no ring)

@: lethally poisoned (0 -> -3)
A: talons 1, cold resistance 1, spiny 1
a: no special abilities


You were on level 2 of the Dungeon.
You were not hungry.

You visited 1 branch of the dungeon, and saw 2 of its levels.

You collected 80 gold pieces.

Inventory:

Hand Weapons
 e - a +4 whip (weapon)
Missiles
 d - 2 throwing nets (quivered)
Armour
 b - a +0 leather armour (worn)
 c - a +0 helmet (worn)
Jewellery
 o - an uncursed ring of stealth {unknown}
Scrolls
 a - a scroll of teleportation {unknown}
 g - 2 scrolls of fear {unknown}
 h - a scroll of immolation {unknown}
 n - 2 scrolls of identify {unknown}
Potions
 j - a potion of heal wounds
 l - 2 potions of cancellation {unknown}
 m - a potion of curing {unknown}
Comestibles
 f - a bread ration
 i - a royal jelly
 k - a meat ration


   Skills:
 + Level 2.3 Fighting
   Level 2.7 Long Blades
 + Level 1.2 Maces & Flails
 + Level 2.0 Throwing
 + Level 0.5 Armour
 + Level 3.6 Dodging
 + Level 0.8 Stealth


You had 3 spell levels left.
You didn't know any spells.

Dungeon Overview and Level Annotations

Branches:
Dungeon (2/15)

Altars:


Innate Abilities, Weirdness & Mutations

You have sharp toenails.
Your flesh is cold resistant. (rC+)
You are partially covered in sharp spines.


Message History

Sharp spines emerge from parts of your body.
You closely miss the kobold. You claw the kobold, but do no damage.
The kobold closely misses you.
You whack the kobold!
You kill the kobold!
You feel sick. The worm completely misses you.
Things that are here:
a short sword; an adder corpse You hit the worm.
You claw the worm, but do no damage.
The worm is lightly wounded.
You feel sick.
You hit the worm. You claw the worm.
The worm is moderately wounded.
The worm bites you!
* * * LOW HITPOINT WARNING * * *
You hit the worm.
The worm is moderately wounded.
The worm is struck by your spines. The worm bites you.
You die...

.........<.........)....#
########.#####..........#
#.# #..........# #.#
####......## # #.#
#.###..# #. ..# #.# #..#
###.. .## #.# ####
......##############.#
#...........w@.....#
#...################ #..
#$ #


You could see a worm.

Vanquished Creatures
  4 gnolls
  An adder (D:2)
  An ooze (D:1)
  A dart slug (D:1)
  A giant cockroach (D:1)
  2 hobgoblins (D:1)
  A quokka (D:2)
  3 bats
  2 frilled lizards
  2 goblins
  3 kobolds
  3 rats
24 creatures vanquished.

Notes
Turn   | Place    | Note
-------+----------+-------------------------------------------
     0 | D:1      | polly the Demonspawn Gladiator began the quest for the Orb.
     0 | D:1      | Reached XP level 1. HP: 16/16 MP: 1/1
   365 | D:1      | Reached skill level 3 in Dodging
   609 | D:1      | Gained mutation: Your flesh is cold resistant. (rC+) [demonic ancestry]
   609 | D:1      | Reached XP level 2. HP: 22/22 MP: 2/2
   721 | D:1      | HP: 1/22 [gnoll/whip (3)]
   725 | D:1      | Gained mutation: You have sharp toenails. [demonic ancestry]
   725 | D:1      | Reached XP level 3. HP: 2/27 MP: 3/3
  1264 | D:2      | Reached skill level 1 in Maces & Flails
  1344 | D:2      | Gained mutation: You are partially covered in sharp spines. [demonic ancestry]
  1344 | D:2      | Reached XP level 4. HP: 11/34 MP: 4/4
  1350 | D:2      | Slain by a worm

Vault maps used:
D:1:      eino_arrival_druids_welcome, feat_on_display
D:2:      chequers_ecumenical_altar_simple, serial_bayou_pond_d

Skill      XL: |  1  2  3 |
---------------+----------+-----
Dodging        | 3 |  3.6
Throwing       | 2 |  2.0
Maces & Flails | 1 |  1.2
Fighting       | |  2.3
Long Blades    | |  2.7
Armour         | |  0.5
Stealth        | |  0.8

Action                   |  1- 3 |  4- 6 || total
-------------------------+-------+-------++-------
Melee: Whip              |    77 |     5 ||    82
       Kick              |    11 |     3 ||    14
Throw: Throwing net      |     1 |       ||     1
  Use: Potion            |     1 |       ||     1
 Stab: Sleeping          |     1 |       ||     1
  Eat: Chunk             |     1 |       ||     1
Armor: Leather armour    |    31 |       ||    31
Dodge: Dodged            |    70 |     2 ||    72
